BlackHawks vs Wild

Created - March 20, 2015 at 20:07

Goals
1 2 3 T
BlackHawks 1 0 1 2
Wild 2 1 1 4
Shots
1 2 3 T
BlackHawks 10 6 8 24
Wild 5 18 11 34

1st period

1. Wild , Mark Streit 16 (Michael Stone) at 5:06
2. BlackHawks , David Clarkson 5 (Trevor Lewis, Dion Phaneuf) at 11:46
3. Wild , Marian Gaborik 34 (Adam McQuaid, Josh Harding) at 13:33

Penalties :
Michael Stone (MIN) for High sticking (Minor) at 18:00

2nd period

4. Wild , Daniel Alfredsson 26 (Mark Streit, Michael Stone) at 6:44

Penalties :
Zack Smith (CHI) for Roughing (Minor) at 3:59, Chris Phillips (MIN) for Holding (Minor) at 7:54, Deryk Engelland (CHI) for Goalie Interference (Minor) at 10:13, Jarred Tinordi (CHI) for Hooking (Minor) at 14:14, Lars Eller (CHI) for Hooking (Minor) at 19:26

3rd period

5. Wild , Marian Gaborik 35 (Daniel Alfredsson, Dennis Wideman) at 8:10 (PP)
6. BlackHawks , Dion Phaneuf 17 (Douglas Murray) at 14:04 (PP)

Penalties :
Deryk Engelland (CHI) for Holding (Minor) at 0:37, Patrick Bordeleau (CHI) for Holding (Minor) at 6:12, Michael Stone (MIN) for Slashing (Minor) at 10:40, Michael Ryder (MIN) for Boarding (Minor) at 13:36, Milan Michalek (MIN) for Roughing (Minor) at 15:16, Jarred Tinordi (CHI) for Roughing (Minor) at 15:16

Goalie Stats

Cam Ward (CHI), 30 saves from 34 shots - (0.882), L, 7-22-2, 60:00 minutes
Josh Harding (MIN), 22 saves from 24 shots - (0.917), W, 21-34-3, 60:00 minutes

Players Stats for BlackHawks

Player Name              G  A  P  +/- PIM S  H  SB GA TA FO     MP     PP MP  PK MP  
------------------------------------------------------------------------------------
Alex Galchenyuk          0  0  0  -2  0   1  0  0  0  0  0/2    17:48   3:39   0:25 
Brandon Bollig           0  0  0   0  0   1  2  0  0  0  1/2    18:31   2:46   6:43 
Chris Stewart            0  0  0  -2  0   1  1  0  0  0  0/0    17:02   3:39   0:00 
David Clarkson           1  0  1   0  0   2  2  0  0  0  0/0    10:27   0:00   0:00 
Deryk Engelland          0  0  0  -1  4   0  3  1  0  0  0/0    13:01   0:33   2:57 
Dion Phaneuf             1  1  2  -1  0   4  6  2  0  0  0/0    29:02   4:16   7:50 
Douglas Murray           0  1  1  -1  0   2  2  1  0  0  0/0    19:56   3:13   2:00 
Dwight King              0  0  0   0  0   0  3  0  0  0  1/1    14:49   0:00   3:34 
Jarred Tinordi           0  0  0  -1  4   1  1  0  0  0  0/0    22:11   3:13   4:07 
Kevin Bieksa             0  0  0   0  0   2  1  0  0  0  0/0    23:59   1:35   4:35 
Lars Eller               0  0  0   0  2   0  1  0  0  0  6/17   14:51   2:46   0:00 
Luke Schenn              0  0  0   0  0   0  0  1  0  0  0/0     8:55   0:00   0:40 
Martin Hanzal            0  0  0  -2  0   3  2  0  0  0  10/22  16:03   3:39   0:00 
Mike Richards            0  0  0   0  0   3  0  0  0  0  7/11   18:49   2:46   3:57 
Nathan Horton            0  0  0   0  0   0  2  0  0  0  0/1     7:48   0:00   0:00 
Patrick Bordeleau        0  0  0   0  2   1  0  0  0  0  0/1     9:09   0:00   0:00 
Trevor Lewis             0  1  1   0  0   3  0  0  0  0  9/23   15:53   0:00   6:43 
Zack Smith               0  0  0   0  2   0  0  0  0  0  3/11    7:47   0:00   0:00 

Players Stats for Wild

Player Name              G  A  P  +/- PIM S  H  SB GA TA FO     MP     PP MP  PK MP  
------------------------------------------------------------------------------------
Adam Hall                0  0  0   2  0   0  1  0  0  0  21/33  21:26   5:03   2:48 
Adam McQuaid             0  1  1   1  0   0  2  0  0  0  0/0    15:36   0:00   1:08 
Chris Conner             0  0  0   0  0   1  0  0  0  0  0/0    14:48   0:00   3:00 
Chris Phillips           0  0  0   0  2   0  3  0  0  0  0/0    14:05   0:00   2:07 
Daniel Alfredsson        1  1  2   0  0   4  1  0  0  0  1/3    21:50   6:02   0:00 
Dennis Wideman           0  1  1   1  0   5  0  0  0  0  0/0    21:34   5:46   0:00 
Erik Cole                0  0  0   0  0   2  4  0  0  0  0/0    15:13   0:00   3:25 
Fedor Tyutin             0  0  0   0  0   4  0  1  0  0  0/0    21:35   5:46   2:41 
Jesse Winchester         0  0  0   0  0   0  0  0  0  0  2/7     3:25   0:00   3:25 
Marian Gaborik           2  0  2   2  0   5  0  0  0  0  0/1    21:33   6:02   0:00 
Mark Streit              1  1  2   1  0   6  1  0  0  0  0/0    23:58   5:19   3:26 
Michael Ryder            0  0  0   0  2   0  0  0  0  0  0/2    19:45   5:03   0:12 
Michael Stone            0  2  2   1  4   1  3  0  0  0  0/0    19:41   5:19   0:00 
Mikko Koivu              0  0  0   0  0   3  3  0  0  0  20/31  22:29   6:02   0:00 
Milan Michalek           0  0  0   2  2   2  2  0  0  0  0/0    18:37   5:03   0:00 
Pierre-Marc Bouchard     0  0  0   0  0   1  0  0  0  0  10/14  12:28   0:00   0:00 
Rob Scuderi              0  0  0   0  0   0  0  0  0  0  0/0     3:28   0:00   3:28 
Rostislav Klesla         0  0  0   0  0   0  0  0  0  0  0/0     0:00   0:00   0:00 

3 Stars

1 - Marian Gaborik (MIN)
2 - Dion Phaneuf (CHI)
3 - Mark Streit (MIN)

Power Play

BlackHawks - 1 on 4 Attempt(s) - 25.00%
Wild - 1 on 6 Attempt(s) - 16.67%

Penalty Kill

BlackHawks - 5 on 6 Attempt(s) - 83.33% - Score 0 goal in Penalty Kill
Wild - 3 on 4 Attempt(s) - 75.00% - Score 0 goal in Penalty Kill

Team Stat

BlackHawks - Hits : 26 - Faceoff Wins : 37 - Blocked Shots : 5 - Penalty Minutes : 14
Wild - Hits : 20 - Faceoff Wins : 54 - Blocked Shots : 1 - Penalty Minutes : 10

Official

Referees : Francois StLaurent and Mike Leggo
Linesman : Tony Sericolo and Steve Miller

Game Notes

Luke Schenn is injured at 5:43 of 2nd period (Sports Hernia)
Deryk Engelland is injured at 3:13 of 3rd period (Torso)

Finance

Level 1 -- Attendance: 6360 (97.85%) -- Ticket Income $636,000
Level 2 -- Attendance: 5000 (100.00%) -- Ticket Income $300,000
Level 3 -- Attendance: 3500 (100.00%) -- Ticket Income $122,500
Level 4 -- Attendance: 2064 (100.00%) -- Ticket Income $41,280
Luxury Box -- Attendance: 940 (94.00%) -- Ticket Income $188,000
Game was played at the Xcel Energy Center'
Total Attendance: 17864 (98.89%)
Total Ticket Income: $1,287,780
Other Income: $193,167
Total Income: $1,480,947

% Time on Ice - BlackHawks

Lines # - Real PCT - Wanted PCT - Time Play
Normal Forward
1 - 30% - 32% - 12:21
2 - 28% - 28% - 11:12
3 - 19% - 20% - 7:48
4 - 23% - 20% - 9:10
Normal Defense
1 - 26% - 37% - 10:31
2 - 42% - 32% - 17:08
3 - 32% - 31% - 12:52
4 - 0% - 0% - 0:00
PP Forward
1 - 57% - 55% - 3:39
2 - 43% - 45% - 2:46
PP Defense
1 - 49% - 60% - 3:07
2 - 51% - 40% - 3:18
PK Forward
1 - 65% - 55% - 6:43
2 - 35% - 45% - 3:34
PK Defense
1 - 21% - 55% - 2:08
2 - 79% - 45% - 8:09
PK3 Forward
1 - 48% - 50% - 0:23
2 - 52% - 50% - 0:25
PK3 Defense
1 - 0% - 55% - 0:00
2 - 100% - 45% - 0:48
44 Forward
1 - 48% - 55% - 0:57
2 - 52% - 45% - 1:02
44 Defense
1 - 48% - 55% - 0:57
2 - 52% - 45% - 1:02
Last Minute Offensive  - 0:00
Last Minute Defensive  - 0:00
Total
Forward - 60:00
Defense - 60:00

% Time on Ice - Wild

Lines # - Real PCT - Wanted PCT - Time Play
Normal Forward
1 - 36% - 45% - 14:31
2 - 34% - 44% - 13:35
3 - 29% - 7% - 11:48
4 - 2% - 4% - 0:37
Normal Defense
1 - 35% - 45% - 13:59
2 - 33% - 44% - 13:34
3 - 30% - 7% - 11:59
4 - 2% - 4% - 0:59
PP Forward
1 - 54% - 50% - 6:02
2 - 46% - 50% - 5:03
PP Defense
1 - 48% - 50% - 5:19
2 - 52% - 50% - 5:46
PK Forward
1 - 47% - 50% - 3:00
2 - 53% - 50% - 3:25
PK Defense
1 - 54% - 50% - 3:28
2 - 46% - 50% - 2:57
PK3 Forward
1 - 0% - 50%
2 - 0% - 50%
PK3 Defense
1 - 0% - 50%
2 - 0% - 50%
44 Forward
1 - 66% - 50% - 1:19
2 - 34% - 50% - 0:40
44 Defense
1 - 58% - 50% - 1:09
2 - 42% - 50% - 0:50
Last Minute Offensive  - 0:00
Last Minute Defensive  - 0:00
Total
Forward - 60:00
Defense - 60:00

Play by Play

1st period


0:01 of 1st period - Mikko Koivu wins face-off versus Martin Hanzal in neutral zone.
1:04 of 1st period - Shot by Mark Streit.
1:04 of 1st period - Shot Blocked by Dion Phaneuf.
2:18 of 1st period - Mike Richards is hit by Chris Phillips and loses puck.
2:23 of 1st period - Shot by Mike Richards.
2:23 of 1st period - Shot Misses the Net.
2:59 of 1st period - Shot by Nathan Horton.
2:59 of 1st period - Shot Misses the Net.
3:50 of 1st period - Shot by David Clarkson.
3:50 of 1st period - Stopped by Josh Harding without a rebound.
3:51 of 1st period - Pierre-Marc Bouchard wins face-off versus Lars Eller in Wild zone.
3:51 of 1st period - Pierre-Marc Bouchard is hit by Dwight King.
4:28 of 1st period - Chris Phillips is hit by David Clarkson and loses puck.
4:44 of 1st period - Erik Cole is hit by Jarred Tinordi and loses puck.
5:01 of 1st period - Michael Stone is hit by Dion Phaneuf and loses puck.
5:06 of 1st period - Shot by Mark Streit.
5:06 of 1st period - Goal by Mark Streit - BlackHawks : 0 - Wild : 1.
5:07 of 1st period - Mikko Koivu wins face-off versus Zack Smith in neutral zone.
5:13 of 1st period - Icing by Douglas Murray.
5:14 of 1st period - Adam Hall wins face-off versus Zack Smith in BlackHawks zone.
5:30 of 1st period - Off-side.
5:31 of 1st period - Mikko Koivu wins face-off versus Lars Eller in neutral zone.
6:00 of 1st period - Icing by Michael Stone.
6:01 of 1st period - Mikko Koivu wins face-off versus Martin Hanzal in Wild zone.
6:01 of 1st period - Mikko Koivu is hit by Martin Hanzal.
6:12 of 1st period - Mikko Koivu is hit by Deryk Engelland and loses puck.
6:45 of 1st period - Michael Stone is hit by Martin Hanzal and loses puck.
6:53 of 1st period - Off-side.
6:54 of 1st period - Adam Hall wins face-off versus Patrick Bordeleau in neutral zone.
6:54 of 1st period - Adam Hall is hit by David Clarkson.
7:25 of 1st period - Icing by Dennis Wideman.
7:26 of 1st period - Adam Hall wins face-off versus Lars Eller in Wild zone.
7:26 of 1st period - Adam Hall is hit by Dwight King.
8:31 of 1st period - Shot by Fedor Tyutin.
8:31 of 1st period - Stopped by Cam Ward without a rebound.
8:32 of 1st period - Zack Smith wins face-off versus Mikko Koivu in BlackHawks zone.
8:46 of 1st period - Shot by Mark Streit.
8:46 of 1st period - Stopped by Cam Ward without a rebound.
8:47 of 1st period - Pierre-Marc Bouchard wins face-off versus Martin Hanzal in BlackHawks zone.
8:47 of 1st period - Chris Phillips is hit by Dion Phaneuf and loses puck.
9:02 of 1st period - Alex Galchenyuk is hit by Erik Cole and loses puck.
9:22 of 1st period - Shot by Fedor Tyutin.
9:22 of 1st period - Shot Misses the Net.
9:31 of 1st period - Erik Cole is hit by Dion Phaneuf and loses puck.
10:10 of 1st period - Shot by David Clarkson.
10:10 of 1st period - Deflect By Patrick Bordeleau.
10:10 of 1st period - Stopped by Josh Harding without a rebound.
10:11 of 1st period - Adam Hall wins face-off versus Nathan Horton in Wild zone.
10:33 of 1st period - Shot by Milan Michalek.
10:33 of 1st period - Shot Misses the Net.
11:14 of 1st period - Shot by Mike Richards.
11:14 of 1st period - Stopped by Josh Harding without a rebound.
11:15 of 1st period - Mikko Koivu wins face-off versus Trevor Lewis in Wild zone.
11:44 of 1st period - Shot by Trevor Lewis.
11:44 of 1st period - Stopped by Josh Harding with a rebound.
11:46 of 1st period - Shot by David Clarkson.
11:46 of 1st period - The goal is going for a video replay.
11:46 of 1st period - The goal is good.
11:46 of 1st period - Goal by David Clarkson - BlackHawks : 1 - Wild : 1.
11:47 of 1st period - Pierre-Marc Bouchard wins face-off versus Mike Richards in neutral zone.
12:21 of 1st period - Icing by Douglas Murray.
12:22 of 1st period - Mikko Koivu wins face-off versus Lars Eller in BlackHawks zone.
12:22 of 1st period - Mikko Koivu is hit by Douglas Murray.
12:41 of 1st period - Shot by Daniel Alfredsson.
12:41 of 1st period - Deflect By Mikko Koivu.
12:41 of 1st period - Stopped by Cam Ward with a rebound.
12:51 of 1st period - Shot by Mikko Koivu.
12:51 of 1st period - Deflect By Michael Ryder.
12:51 of 1st period - Shot Misses the Net.
12:53 of 1st period - Shot by Mikko Koivu.
12:53 of 1st period - Shot Blocked by Deryk Engelland.
13:05 of 1st period - Shot by Mikko Koivu.
13:05 of 1st period - Shot Misses the Net.
13:07 of 1st period - Shot by Mark Streit.
13:07 of 1st period - Shot Misses the Net.
13:33 of 1st period - Shot by Marian Gaborik.
13:33 of 1st period - Goal by Marian Gaborik - BlackHawks : 1 - Wild : 2.
13:34 of 1st period - Martin Hanzal wins face-off versus Pierre-Marc Bouchard in neutral zone.
14:22 of 1st period - Off-side.
14:23 of 1st period - Adam Hall wins face-off versus Trevor Lewis in neutral zone.
15:15 of 1st period - David Clarkson is hit by Daniel Alfredsson and loses puck.
16:42 of 1st period - Shot by Chris Phillips.
16:42 of 1st period - Shot Misses the Net.
18:00 of 1st period - Minor Penalty to Michael Stone for High sticking.
18:01 of 1st period - Brandon Bollig wins face-off versus Jesse Winchester in Wild zone.
18:02 of 1st period - Shot by Jarred Tinordi.
18:02 of 1st period - Stopped by Josh Harding without a rebound.
18:03 of 1st period - Martin Hanzal wins face-off versus Jesse Winchester in Wild zone.
18:04 of 1st period - Shot by Chris Stewart.
18:04 of 1st period - Stopped by Josh Harding with a rebound.
18:14 of 1st period - Shot by Martin Hanzal.
18:14 of 1st period - Stopped by Josh Harding without a rebound.
18:15 of 1st period - Adam Hall wins face-off versus Brandon Bollig in Wild zone.
18:46 of 1st period - Shot by Dion Phaneuf.
18:46 of 1st period - Shot Misses the Net.
19:53 of 1st period - Shot by Martin Hanzal.
19:53 of 1st period - Stopped by Josh Harding without a rebound.
19:54 of 1st period - Martin Hanzal wins face-off versus Jesse Winchester in Wild zone.
19:55 of 1st period - Shot by Dion Phaneuf.
19:55 of 1st period - Stopped by Josh Harding without a rebound.
19:56 of 1st period - Martin Hanzal wins face-off versus Jesse Winchester in Wild zone.
Goals for this period are 1 for BlackHawks vs 2 for Wild.
Shots for this period are 10 for BlackHawks vs 5 for Wild.

2nd period


0:01 of 2nd period - Martin Hanzal wins face-off versus Adam Hall in neutral zone.
0:15 of 2nd period - Martin Hanzal is hit by Adam McQuaid and loses puck.
1:36 of 2nd period - Zack Smith is hit by Mark Streit and loses puck.
2:35 of 2nd period - Shot by Erik Cole.
2:35 of 2nd period - Stopped by Cam Ward without a rebound.
2:36 of 2nd period - Trevor Lewis wins face-off versus Adam Hall in BlackHawks zone.
3:02 of 2nd period - Marian Gaborik is hit by Dion Phaneuf and loses puck.
3:21 of 2nd period - Dion Phaneuf is hit by Adam Hall and loses puck.
3:33 of 2nd period - Off-side.
3:34 of 2nd period - Pierre-Marc Bouchard wins face-off versus Martin Hanzal in neutral zone.
3:52 of 2nd period - Shot by Alex Galchenyuk.
3:52 of 2nd period - Stopped by Josh Harding without a rebound.
3:53 of 2nd period - Zack Smith wins face-off versus Mikko Koivu in Wild zone.
3:59 of 2nd period - Minor Penalty to Zack Smith for Roughing.
4:00 of 2nd period - Mikko Koivu wins face-off versus Trevor Lewis in BlackHawks zone.
4:01 of 2nd period - Shot by Mark Streit.
4:01 of 2nd period - Stopped by Cam Ward without a rebound.
4:02 of 2nd period - Trevor Lewis wins face-off versus Mikko Koivu in BlackHawks zone.
4:12 of 2nd period - Dennis Wideman is hit by Dion Phaneuf and loses puck.
4:23 of 2nd period - Shot by Dennis Wideman.
4:23 of 2nd period - Shot Misses the Net.
4:25 of 2nd period - Shot by Fedor Tyutin.
4:25 of 2nd period - Shot Misses the Net.
4:27 of 2nd period - Shot by Fedor Tyutin.
4:27 of 2nd period - Stopped by Cam Ward without a rebound.
4:28 of 2nd period - Adam Hall wins face-off versus Mike Richards in BlackHawks zone.
4:29 of 2nd period - Shot by Mark Streit.
4:29 of 2nd period - Stopped by Cam Ward without a rebound.
4:30 of 2nd period - Adam Hall wins face-off versus Trevor Lewis in BlackHawks zone.
5:43 of 2nd period - Shot by Mikko Koivu.
5:43 of 2nd period - Shot Blocked by Luke Schenn.
5:43 of 2nd period - Luke Schenn from BlackHawks is injured at 5:43 of 2nd period (Sports Hernia).
5:44 of 2nd period - Mike Richards wins face-off versus Mikko Koivu in BlackHawks zone.
5:52 of 2nd period - Icing by Marian Gaborik.
5:53 of 2nd period - Mike Richards wins face-off versus Mikko Koivu in Wild zone.
6:23 of 2nd period - Icing by Deryk Engelland.
6:24 of 2nd period - Martin Hanzal wins face-off versus Daniel Alfredsson in BlackHawks zone.
6:24 of 2nd period - Alex Galchenyuk is hit by Mikko Koivu and loses puck.
6:44 of 2nd period - Shot by Daniel Alfredsson.
6:44 of 2nd period - Goal by Daniel Alfredsson - BlackHawks : 1 - Wild : 3.
6:45 of 2nd period - Adam Hall wins face-off versus Lars Eller in neutral zone.
7:52 of 2nd period - Zack Smith is hit by Chris Phillips and loses puck.
7:54 of 2nd period - Minor Penalty to Chris Phillips for Holding.
7:55 of 2nd period - Martin Hanzal wins face-off versus Jesse Winchester in Wild zone.
8:22 of 2nd period - Shot by Douglas Murray.
8:22 of 2nd period - Stopped by Josh Harding without a rebound.
8:23 of 2nd period - Lars Eller wins face-off versus Adam Hall in Wild zone.
8:26 of 2nd period - Shot by Lars Eller.
8:26 of 2nd period - Shot Blocked by Fedor Tyutin.
8:28 of 2nd period - Shot by Brandon Bollig.
8:28 of 2nd period - Shot Misses the Net.
8:30 of 2nd period - Shot by Douglas Murray.
8:30 of 2nd period - Stopped by Josh Harding without a rebound.
8:31 of 2nd period - Jesse Winchester wins face-off versus Lars Eller in Wild zone.
9:59 of 2nd period - Icing by Fedor Tyutin.
10:00 of 2nd period - Trevor Lewis wins face-off versus Mikko Koivu in Wild zone.
10:04 of 2nd period - Icing by Mikko Koivu.
10:05 of 2nd period - Mikko Koivu wins face-off versus Zack Smith in Wild zone.
10:13 of 2nd period - Minor Penalty to Deryk Engelland for Goalie Interference.
10:14 of 2nd period - Trevor Lewis wins face-off versus Michael Ryder in BlackHawks zone.
10:39 of 2nd period - Shot by Milan Michalek.
10:39 of 2nd period - Stopped by Cam Ward without a rebound.
10:40 of 2nd period - Daniel Alfredsson wins face-off versus Mike Richards in BlackHawks zone.
11:29 of 2nd period - Icing by Fedor Tyutin.
11:30 of 2nd period - Mike Richards wins face-off versus Mikko Koivu in Wild zone.
11:55 of 2nd period - Shot by Milan Michalek.
11:55 of 2nd period - Shot Misses the Net.
12:07 of 2nd period - Shot by Michael Stone.
12:07 of 2nd period - Stopped by Cam Ward with a rebound.
12:24 of 2nd period - Shot by Erik Cole.
12:24 of 2nd period - Stopped by Cam Ward without a rebound.
12:25 of 2nd period - Pierre-Marc Bouchard wins face-off versus Martin Hanzal in BlackHawks zone.
12:39 of 2nd period - Icing by Deryk Engelland.
12:40 of 2nd period - Mikko Koivu wins face-off versus Martin Hanzal in BlackHawks zone.
12:57 of 2nd period - Shot by Mikko Koivu.
12:57 of 2nd period - Deflect By Michael Ryder.
12:57 of 2nd period - Shot Misses the Net.
13:06 of 2nd period - Shot by Martin Hanzal.
13:06 of 2nd period - Shot Misses the Net.
13:10 of 2nd period - Shot by Chris Stewart.
13:10 of 2nd period - Shot Misses the Net.
13:28 of 2nd period - Shot by Mike Richards.
13:28 of 2nd period - Stopped by Josh Harding without a rebound.
13:29 of 2nd period - Adam Hall wins face-off versus Zack Smith in Wild zone.
13:29 of 2nd period - Adam Hall is hit by Brandon Bollig.
13:37 of 2nd period - Shot by Marian Gaborik.
13:37 of 2nd period - Shot Misses the Net.
13:51 of 2nd period - Shot by Marian Gaborik.
13:51 of 2nd period - Stopped by Cam Ward without a rebound.
13:52 of 2nd period - Pierre-Marc Bouchard wins face-off versus Lars Eller in BlackHawks zone.
14:01 of 2nd period - Shot by Chris Conner.
14:01 of 2nd period - Stopped by Cam Ward without a rebound.
14:02 of 2nd period - Adam Hall wins face-off versus Martin Hanzal in BlackHawks zone.
14:14 of 2nd period - Minor Penalty to Jarred Tinordi for Hooking.
14:15 of 2nd period - Trevor Lewis wins face-off versus Daniel Alfredsson in BlackHawks zone.
14:26 of 2nd period - Shot by Fedor Tyutin.
14:26 of 2nd period - Shot Blocked by Dion Phaneuf.
14:28 of 2nd period - Shot by Daniel Alfredsson.
14:28 of 2nd period - Shot Misses the Net.
14:38 of 2nd period - Shot by Marian Gaborik.
14:38 of 2nd period - Shot Misses the Net.
14:40 of 2nd period - Shot by Dennis Wideman.
14:40 of 2nd period - Stopped by Cam Ward with a rebound.
14:43 of 2nd period - Marian Gaborik is hit by Deryk Engelland.
15:11 of 2nd period - Shot by Milan Michalek.
15:11 of 2nd period - Stopped by Cam Ward without a rebound.
15:12 of 2nd period - Mike Richards wins face-off versus Adam Hall in BlackHawks zone.
15:35 of 2nd period - Shot by Mark Streit.
15:35 of 2nd period - Stopped by Cam Ward without a rebound.
15:36 of 2nd period - Trevor Lewis wins face-off versus Adam Hall in BlackHawks zone.
15:36 of 2nd period - Trevor Lewis is hit by Milan Michalek.
15:49 of 2nd period - Adam Hall is hit by Deryk Engelland.
15:51 of 2nd period - Shot by Mark Streit.
15:51 of 2nd period - Shot Hit the Post.
16:03 of 2nd period - Mark Streit is hit by Dwight King and loses puck.
16:50 of 2nd period - Shot by Daniel Alfredsson.
16:50 of 2nd period - Stopped by Cam Ward without a rebound.
16:51 of 2nd period - Lars Eller wins face-off versus Pierre-Marc Bouchard in BlackHawks zone.
16:51 of 2nd period - Lars Eller is hit by Erik Cole.
17:39 of 2nd period - Icing by Fedor Tyutin.
17:40 of 2nd period - Pierre-Marc Bouchard wins face-off versus Martin Hanzal in Wild zone.
17:56 of 2nd period - Shot by Dion Phaneuf.
17:56 of 2nd period - Stopped by Josh Harding without a rebound.
17:57 of 2nd period - Mikko Koivu wins face-off versus Zack Smith in Wild zone.
17:57 of 2nd period - Mikko Koivu is hit by Nathan Horton.
18:02 of 2nd period - Daniel Alfredsson is hit by Nathan Horton.
18:04 of 2nd period - Shot by Mikko Koivu.
18:04 of 2nd period - Shot Misses the Net.
18:06 of 2nd period - Shot by Daniel Alfredsson.
18:06 of 2nd period - Stopped by Cam Ward without a rebound.
18:07 of 2nd period - Lars Eller wins face-off versus Adam Hall in BlackHawks zone.
18:15 of 2nd period - Shot by Marian Gaborik.
18:15 of 2nd period - Shot Hit the Post.
18:17 of 2nd period - Shot by Marian Gaborik.
18:17 of 2nd period - Deflect By Milan Michalek.
18:17 of 2nd period - Shot Misses the Net.
18:28 of 2nd period - Off-side.
18:29 of 2nd period - Mikko Koivu wins face-off versus Martin Hanzal in neutral zone.
18:42 of 2nd period - Shot by Daniel Alfredsson.
18:42 of 2nd period - Stopped by Cam Ward without a rebound.
18:43 of 2nd period - Zack Smith wins face-off versus Adam Hall in BlackHawks zone.
19:17 of 2nd period - Shot by Brandon Bollig.
19:17 of 2nd period - Stopped by Josh Harding without a rebound.
19:18 of 2nd period - Dwight King wins face-off versus Mikko Koivu in Wild zone.
19:18 of 2nd period - Mike Richards is hit by Michael Stone and loses puck.
19:26 of 2nd period - Minor Penalty to Lars Eller for Hooking.
19:27 of 2nd period - Mikko Koivu wins face-off versus Trevor Lewis in BlackHawks zone.
19:30 of 2nd period - Shot by Michael Stone.
19:30 of 2nd period - Shot Misses the Net.
19:39 of 2nd period - Icing by Michael Stone.
19:40 of 2nd period - Mikko Koivu wins face-off versus Trevor Lewis in Wild zone.
19:49 of 2nd period - Shot by Daniel Alfredsson.
19:49 of 2nd period - Shot Misses the Net.
19:51 of 2nd period - Shot by Mark Streit.
19:51 of 2nd period - Shot Misses the Net.
19:53 of 2nd period - Shot by Mark Streit.
19:53 of 2nd period - Shot Misses the Net.
19:55 of 2nd period - Shot by Marian Gaborik.
19:55 of 2nd period - Stopped by Cam Ward with a rebound.
19:57 of 2nd period - Shot by Mikko Koivu.
19:57 of 2nd period - Stopped by Cam Ward without a rebound.
19:58 of 2nd period - Mike Richards wins face-off versus Michael Ryder in BlackHawks zone.
Goals for this period are 0 for BlackHawks vs 1 for Wild.
Shots for this period are 6 for BlackHawks vs 18 for Wild.

3rd period


0:01 of 3rd period - Adam Hall wins face-off versus Trevor Lewis in neutral zone.
0:22 of 3rd period - Shot by Dennis Wideman.
0:22 of 3rd period - Shot Misses the Net.
0:24 of 3rd period - Shot by Dennis Wideman.
0:24 of 3rd period - Stopped by Cam Ward without a rebound.
0:25 of 3rd period - Mikko Koivu wins face-off versus Trevor Lewis in BlackHawks zone.
0:26 of 3rd period - Shot by Mark Streit.
0:26 of 3rd period - Shot Misses the Net.
0:37 of 3rd period - Minor Penalty to Deryk Engelland for Holding.
0:38 of 3rd period - Mike Richards wins face-off versus Adam Hall in BlackHawks zone.
0:38 of 3rd period - Mike Richards is hit by Milan Michalek.
1:14 of 3rd period - Shot by Fedor Tyutin.
1:14 of 3rd period - Stopped by Cam Ward with a rebound.
1:30 of 3rd period - Shot by Brandon Bollig.
1:30 of 3rd period - Deflect By Trevor Lewis.
1:30 of 3rd period - Stopped by Josh Harding without a rebound.
1:31 of 3rd period - Mikko Koivu wins face-off versus Trevor Lewis in Wild zone.
1:33 of 3rd period - Mark Streit is hit by Brandon Bollig and loses puck.
1:41 of 3rd period - Icing by Mikko Koivu.
1:42 of 3rd period - Trevor Lewis wins face-off versus Mikko Koivu in Wild zone.
2:13 of 3rd period - Shot by Marian Gaborik.
2:13 of 3rd period - Stopped by Cam Ward without a rebound.
2:14 of 3rd period - Trevor Lewis wins face-off versus Adam Hall in BlackHawks zone.
2:20 of 3rd period - Icing by Fedor Tyutin.
2:21 of 3rd period - Adam Hall wins face-off versus Trevor Lewis in Wild zone.
2:36 of 3rd period - Shot by Milan Michalek.
2:36 of 3rd period - Shot Misses the Net.
3:12 of 3rd period - Deryk Engelland is hit by Erik Cole and loses puck.
3:13 of 3rd period - Deryk Engelland from BlackHawks is injured at 3:13 of 3rd period (Torso).
3:14 of 3rd period - Lars Eller wins face-off versus Mikko Koivu in BlackHawks zone.
3:14 of 3rd period - Lars Eller is hit by Mikko Koivu.
3:26 of 3rd period - Kevin Bieksa is hit by Mikko Koivu and loses puck.
3:38 of 3rd period - Shot by Kevin Bieksa.
3:38 of 3rd period - Stopped by Josh Harding without a rebound.
3:39 of 3rd period - Adam Hall wins face-off versus Zack Smith in Wild zone.
5:36 of 3rd period - Shot by Pierre-Marc Bouchard.
5:36 of 3rd period - Stopped by Cam Ward without a rebound.
5:37 of 3rd period - Adam Hall wins face-off versus Trevor Lewis in BlackHawks zone.
5:47 of 3rd period - Icing by David Clarkson.
5:48 of 3rd period - Trevor Lewis wins face-off versus Pierre-Marc Bouchard in BlackHawks zone.
6:02 of 3rd period - Fedor Tyutin is hit by Dion Phaneuf and loses puck.
6:12 of 3rd period - Minor Penalty to Patrick Bordeleau for Holding.
6:13 of 3rd period - Mike Richards wins face-off versus Marian Gaborik in BlackHawks zone.
7:00 of 3rd period - Icing by Mikko Koivu.
7:01 of 3rd period - Mikko Koivu wins face-off versus Trevor Lewis in Wild zone.
7:06 of 3rd period - Shot by Dion Phaneuf.
7:06 of 3rd period - Stopped by Josh Harding without a rebound.
7:07 of 3rd period - Adam Hall wins face-off versus Mike Richards in Wild zone.
7:24 of 3rd period - Off-side.
7:25 of 3rd period - Adam Hall wins face-off versus Trevor Lewis in neutral zone.
7:30 of 3rd period - Shot by Fedor Tyutin.
7:30 of 3rd period - Stopped by Cam Ward without a rebound.
7:31 of 3rd period - Mikko Koivu wins face-off versus Trevor Lewis in BlackHawks zone.
7:40 of 3rd period - Shot by Marian Gaborik.
7:40 of 3rd period - Shot Misses the Net.
7:54 of 3rd period - Shot by Dennis Wideman.
7:54 of 3rd period - Stopped by Cam Ward with a rebound.
7:56 of 3rd period - Shot by Dennis Wideman.
7:56 of 3rd period - Stopped by Cam Ward with a rebound.
8:10 of 3rd period - Shot by Marian Gaborik.
8:10 of 3rd period - Goal by Marian Gaborik - BlackHawks : 1 - Wild : 4.
8:11 of 3rd period - Lars Eller wins face-off versus Pierre-Marc Bouchard in neutral zone.
8:13 of 3rd period - Kevin Bieksa is hit by Michael Stone and loses puck.
8:49 of 3rd period - Shot by Mark Streit.
8:49 of 3rd period - Stopped by Cam Ward with a rebound.
9:11 of 3rd period - Shot by Martin Hanzal.
9:11 of 3rd period - Stopped by Josh Harding with a rebound.
9:33 of 3rd period - Shot by Alex Galchenyuk.
9:33 of 3rd period - Shot Misses the Net.
10:02 of 3rd period - Daniel Alfredsson is hit by Kevin Bieksa and loses puck.
10:10 of 3rd period - Icing by Zack Smith.
10:11 of 3rd period - Pierre-Marc Bouchard wins face-off versus Zack Smith in BlackHawks zone.
10:15 of 3rd period - Icing by Nathan Horton.
10:16 of 3rd period - Mikko Koivu wins face-off versus Zack Smith in BlackHawks zone.
10:40 of 3rd period - Minor Penalty to Michael Stone for Slashing.
10:41 of 3rd period - Adam Hall wins face-off versus Alex Galchenyuk in Wild zone.
10:41 of 3rd period - Adam Hall is hit by Chris Stewart.
10:56 of 3rd period - Alex Galchenyuk is hit by Erik Cole and loses puck.
11:13 of 3rd period - Icing by Dion Phaneuf.
11:14 of 3rd period - Martin Hanzal wins face-off versus Adam Hall in BlackHawks zone.
12:00 of 3rd period - Shot by Kevin Bieksa.
12:00 of 3rd period - Stopped by Josh Harding without a rebound.
12:01 of 3rd period - Adam Hall wins face-off versus Martin Hanzal in Wild zone.
12:11 of 3rd period - Off-side.
12:12 of 3rd period - Jesse Winchester wins face-off versus Lars Eller in neutral zone.
12:33 of 3rd period - Shot by Mike Richards.
12:33 of 3rd period - Stopped by Josh Harding without a rebound.
12:34 of 3rd period - Martin Hanzal wins face-off versus Adam Hall in Wild zone.
12:45 of 3rd period - Shot by Trevor Lewis.
12:45 of 3rd period - Shot Misses the Net.
12:47 of 3rd period - Shot by Trevor Lewis.
12:47 of 3rd period - Stopped by Josh Harding with a rebound.
13:01 of 3rd period - Patrick Bordeleau is hit by Adam McQuaid and loses puck.
13:36 of 3rd period - Minor Penalty to Michael Ryder for Boarding.
13:37 of 3rd period - Martin Hanzal wins face-off versus Adam Hall in Wild zone.
14:04 of 3rd period - Shot by Dion Phaneuf.
14:04 of 3rd period - Goal by Dion Phaneuf - BlackHawks : 2 - Wild : 4.
14:05 of 3rd period - Adam Hall wins face-off versus Lars Eller in neutral zone.
14:14 of 3rd period - Icing by Mike Richards.
14:15 of 3rd period - Pierre-Marc Bouchard wins face-off versus Lars Eller in BlackHawks zone.
15:16 of 3rd period - Minor Penalty to Milan Michalek for Roughing.
15:16 of 3rd period - Minor Penalty to Jarred Tinordi for Roughing.
15:17 of 3rd period - Mikko Koivu wins face-off versus Alex Galchenyuk in BlackHawks zone.
15:53 of 3rd period - Alex Galchenyuk is hit by Michael Stone and loses puck.
16:57 of 3rd period - Icing by Marian Gaborik.
16:58 of 3rd period - Lars Eller wins face-off versus Mikko Koivu in Wild zone.
18:11 of 3rd period - Shot by Mikko Koivu.
18:11 of 3rd period - Stopped by Cam Ward without a rebound.
18:12 of 3rd period - Adam Hall wins face-off versus Martin Hanzal in BlackHawks zone.
18:12 of 3rd period - Marian Gaborik is hit by Douglas Murray and loses puck.
18:30 of 3rd period - Chris Stewart is hit by Chris Phillips and loses puck.
19:30 of 3rd period - Icing by Dennis Wideman.
19:31 of 3rd period - Mikko Koivu wins face-off versus Lars Eller in Wild zone.
19:31 of 3rd period - Mikko Koivu is hit by Lars Eller.
19:53 of 3rd period - Shot by Mikko Koivu.
19:53 of 3rd period - Deflect By Daniel Alfredsson.
19:53 of 3rd period - Shot Blocked by Douglas Murray.
19:55 of 3rd period - Shot by Mark Streit.
19:55 of 3rd period - Shot Misses the Net.
19:57 of 3rd period - Shot by Dennis Wideman.
19:57 of 3rd period - Stopped by Cam Ward without a rebound.
19:58 of 3rd period - Pierre-Marc Bouchard wins face-off versus Martin Hanzal in BlackHawks zone.
Goals for this period are 1 for BlackHawks vs 1 for Wild.
Shots for this period are 8 for BlackHawks vs 11 for Wild.


Output by the SimonT Hockey Simulator (STHS) for Stephane Roy -- Original Page W3C XHTML 1.0 Valid
Hockey Simulator - Hockey Simulation - Hockey Manager